 Seeded DCSS version 0.31.0-11-ge490571c62 (webtiles) character file.

Game seed: 3 (custom seed)

73 Kazon the Shield-Bearer (level 4, 0/35 HPs)
             Began as a Human Fighter on Feb 6, 2024.
             Incinerated by a bombardier beetle (3 damage)
             ... with a burning spray
             ... on level 3 of the Dungeon.
             The game lasted 00:08:09 (1382 turns).

Kazon the Shield-Bearer (Human Fighter)             Turns: 1382, Time: 00:08:09

Health: 0/35       AC:  9    Str: 19    XL:     4   Next: 27%
Magic:  4/4        EV:  9    Int:  8    God:
Gold:   78         SH:  4    Dex: 12    Spells: 3/3 levels left

rFire   . . .        e - +1 short sword (venom)
rCold   . . .        c - +0 buckler
rNeg    + . .        b - +0 scale mail
rPois   .            (no helmet)
rElec   .            (no cloak)
rCorr   .            h - +1 pair of gloves
SInv    +            (no boots)
Will    +....        (no amulet) Stlth
                     l - ring of Irebinit {rN+ Will+ SInv}
HPRegen 0.25/turn    (no ring)
MPRegen 0.09/turn

%: no passive effects
@: on fire, glowing
A: explore regen
a: no special abilities


You were on level 3 of the Dungeon.
You visited 1 branch of the dungeon, and saw 3 of its levels.

You collected 78 gold pieces.

Inventory:

Hand Weapons
 a - a +0 war axe
 e - a +1 short sword of venom (weapon)
Missiles
 f - 8 stones (quivered)
Armour
 b - a +0 scale mail (worn)
 c - a +0 buckler (worn)
 h - a +1 pair of gloves (worn)
Jewellery
 l - the ring of Irebinit (left hand) {rN+ Will+ SInv}
   (You acquired it on level 2 of the Dungeon)

   [ring of positive energy]

   rN+:       It protects you from negative energy.
   Will+:     It increases your willpower.
   SInv:      It lets you see invisible.
Talismans
 i - a beast talisman
Scrolls
 m - a scroll of noise
Potions
 d - a potion of might
 g - a potion of magic
 j - a potion of curing


   Skills:
 + Level 3.2 Fighting
 + Level 0.2 Short Blades
 + Level 2.3 Axes
 * Level 0.7 Throwing
 + Level 3.2 Armour
 * Level 1.1 Dodging
 * Level 1.5 Stealth
 + Level 3.2 Shields
 * Level 0.7 Shapeshifting


You had 3 spell levels left.
You didn't know any spells.
Your spell library contained the following spells:

 Spells                   Type           Power      Damage    Failure   Level
 Fugue of the Fallen      Necr           0%         N/A       99%         3
 Ozocubu's Armour         Ice            0%         N/A       99%         3
 Manifold Assault         Tloc           0%         N/A       100%        4


Dungeon Overview and Level Annotations

Branches:
Dungeon (3/15)

Altars:


Innate Abilities, Weirdness & Mutations

You regain HP and MP as you explore.


Message History

A bombardier beetle comes into view.
A quokka comes into view.
The bombardier beetle sprays incendiary fluid at you.
The burning spray hits you.
You are covered in liquid fire!
You shake off some of the fire as you move.
The liquid fire burns you!
You hit the bombardier beetle but do no damage.
The liquid fire burns you! The bombardier beetle bites you.
You hit the bombardier beetle but do no damage.
The liquid fire burns you! The quokka closely misses you.
The bombardier beetle bites you but does no damage.
You hit the bombardier beetle but do no damage.
The bombardier beetle is poisoned.
The liquid fire burns you!
The quokka bites you but does no damage.
You hit the bombardier beetle.
The bombardier beetle looks as sick as possible!
The bombardier beetle is heavily wounded.
The liquid fire burns you! The quokka bites you.
* * * LOW HITPOINT WARNING * * *
The bombardier beetle sprays incendiary fluid at you.
The burning spray hits you.
You are covered in liquid fire!
The quokka bites you but does no damage.
You hit the quokka but do no damage.
The quokka is poisoned.
The liquid fire burns you!
* * * LOW HITPOINT WARNING * * *
You kill the bombardier beetle!
You block the quokka's attack.
Your Dodging skill increases to level 1!
You have reached level 4!
You feel stronger.
You barely miss the quokka.
The quokka is lightly wounded.
The liquid fire burns you!
You die...

.....................
..........†..........
......)).............
..............#######
..............#
..............#
..............#
..............#
......r@......#
######†.####### #..##
#..# #.# #. .. #.


You could see a quokka (very poisoned).

Vanquished Creatures
  A bombardier beetle (D:3)
  An adder (D:2)
  A dart slug (D:2)
  2 ball pythons
  4 bats
  4 endoplasms
  A giant cockroach (D:2)
  2 goblins (D:1)
  5 hobgoblins (D:1)
  A quokka (D:1)
  3 frilled lizards
  3 kobolds
  3 rats (D:2)
31 creatures vanquished.

Notes
Turn   | Place    | Note
-------+----------+-------------------------------------------
     0 | D:1      | Kazon the Human Fighter began the quest for the Orb.
     0 | D:1      | Reached XP level 1. HP: 18/18 MP: 1/1
   189 | D:1      | Reached XP level 2. HP: 24/24 MP: 2/2
   662 | D:1      | Found a faded altar of an unknown god.
   752 | D:2      | Reached XP level 3. HP: 5/29 MP: 3/3
   909 | D:2      | Reached skill level 1 in Stealth
  1200 | D:2      | Identified a scroll of acquirement
  1200 | D:2      | Acquired the ring of Irebinit {rN+ Will+ SInv}
  1382 | D:3      | Reached skill level 1 in Dodging
  1382 | D:3      | Reached XP level 4. HP: 3/35 MP: 4/4
  1382 | D:3      | Incinerated by a bombardier beetle

Illustrated notes

Levels and vault maps discovered:
D:1:      psy_arrival_terrarium, layout_loops_corners,
          shapermc_ecumenical_altar_notcrosses, dreamdust_mushroom_princess
D:2:      layout_rooms, grunt_ministairs_3, kennysheep_cross_bottleneck,
          minmay_pentomino_x2
D:3:      layout_basic, portal_sewer_entry_d, uniq_sigmund

Skill      XL: |  1  2  3 |
---------------+----------+-----
Stealth        | 1 |  1.5
Dodging        | 1 |  1.1
Fighting       | |  3.2
Short Blades   | |  0.2
Axes           | |  2.3
Throwing       | |  0.7
Armour         | |  3.2
Shields        | |  3.2
Shapeshifting  | |  0.7

Action                     |  1- 3 |  4- 6 || total
---------------------------+-------+-------++-------
  Melee: War axe           |    79 |       ||    79
         Short sword       |    37 |     1 ||    38
  Throw: Stone             |     2 |       ||     2
Ability: Begin Untransform |     1 |       ||     1
    Use: Scroll            |     6 |       ||     6
 Armour: Scale mail        |    78 |       ||    78
  Dodge: Dodged            |    53 |       ||    53
  Block: Buckler           |    32 |       ||    32
   Form: Beast             |     1 |       ||     1
